 Dungeon Crawl Stone Soup version 0.22-a0-40-g3d2f077 (webtiles) character file.

1094 tidbits the Grave Robber (level 8, -3/58 HPs)
             Began as a Gnoll Necromancer on Jan 4, 2018.
             Was an Initiate of Cheibriados.
             Slain by an orc
             ... wielding a +0 trident
              (5 damage)
             ... in a bailey.
             The game lasted 00:15:53 (2005 turns).

tidbits the Grave Robber (Gnoll Necromancer)        Turns: 2005, Time: 00:15:53

Health: -3/58      AC:  3    Str: 17 (18) XL:     8   Next: 31%
Magic:  7/16       EV: 15    Int: 20 (21) God:    Cheibriados [......]
Gold:   277        SH:  4    Dex: 15 (17) Spells: 5/18 levels left

rFire    . . .     SeeInvis .   H - +2 hand axe (freeze)
rCold    . . .     Gourm    .   (no shield)
rNeg     . . .     Faith    .   B - +0 robe
rPois    .         Spirit   .   (no helmet)
rElec    .         Reflect  .   (no cloak)
rCorr    .         Harm     .   G - +0 pair of gloves
MR       +....                  (no boots)
Stlth    +++.......             (no amulet)
HPRegen  1.19/turn              j - +5 ring of strength
MPRegen  0.15/turn              (no ring)

@: regenerating, very slow
A: distributed training, fangs 1, large bone plates 1, magic resistance 1,
strong 1, strong nose
a: Bend Time, Renounce Religion


You were in a bailey.
You worshipped Cheibriados.
Cheibriados was noncommittal.
You were not hungry.

You visited 2 branches of the dungeon, and saw 8 of its levels.
You also visited: Ossuary and Bailey.

You collected 277 gold pieces.

Inventory:

Hand Weapons
 a - a +2 dagger of draining
   (You found it on level 3 of the Dungeon)
 e - a +2 whip of electrocution
   (You took it off an orc on level 5 of the Dungeon)
 g - a +0 dagger
 i - a +2 dagger of venom
   (You took it off a goblin on level 2 of the Dungeon)
 s - a +0 shortbow
 u - a +2 dagger of venom
   (You found it on level 5 of the Dungeon)
 z - a +0 dagger of venom
   (You found it on level 4 of the Dungeon)
 D - a +0 scythe
 F - a +0 broad axe
 H - a +2 hand axe of freezing (weapon)
   (You took it off an orc priest on level 6 of the Dungeon)
Missiles
 h - 39 bolts
 k - 71 arrows
 q - 6 tomahawks (quivered)
Armour
 c - a +0 pair of gloves
 B - a +0 robe (worn)
 G - a +0 pair of gloves (worn)
Jewellery
 j - a +5 ring of strength (left hand)
   (You took it off a kobold on level 2 of the Dungeon)
Wands
 t - a wand of acid (1)
Scrolls
 d - 2 scrolls of remove curse
 f - a scroll of enchant armour {unknown}
 m - 2 scrolls of random uselessness
 p - 3 scrolls of teleportation
 v - a scroll of fear {unknown}
 y - a scroll of immolation
Potions
 l - a potion of mutation {!q}
 n - 2 potions of cancellation
 w - a potion of degeneration
 x - a potion of resistance
 A - a potion of flight
Books
 b - a book of Necromancy

   Spells                             Type                      Level
   a - Pain                           Necromancy                   1
   b - Animate Skeleton               Necromancy                   1
   c - Vampiric Draining              Necromancy                   3
   d - Regeneration                   Charms/Necromancy            3
   e - Animate Dead                   Necromancy                   4
   f - Borgnjor's Vile Clutch         Necromancy/Earth             5
Comestibles
 C - 4 rations


   Skills:
 + Level 3.1 Fighting
 + Level 3.1 Short Blades
 + Level 3.1 Long Blades
 + Level 3.1 Axes
 + Level 3.1 Maces & Flails
 + Level 3.1 Polearms
 + Level 3.1 Staves
 + Level 3.1 Slings
 + Level 3.1 Bows
 + Level 3.1 Crossbows
 + Level 3.1 Throwing
 + Level 3.1 Armour
 + Level 5.6 Dodging
 + Level 5.2 Stealth
 + Level 3.1 Shields
 + Level 3.1 Unarmed Combat
 + Level 5.9 Spellcasting
 + Level 2.5 Conjurations
 + Level 2.5 Hexes
 + Level 2.5 Charms
 + Level 2.5 Summonings
 + Level 7.6 Necromancy
 + Level 2.5 Translocations
 + Level 2.5 Transmutations
 + Level 2.5 Fire Magic
 + Level 2.5 Ice Magic
 + Level 2.5 Air Magic
 + Level 2.5 Earth Magic
 + Level 2.5 Poison Magic
 + Level 3.4 Invocations
 + Level 3.1 Evocations


You had 5 spell levels left.
You knew the following spells:

 Your Spells              Type           Power        Failure   Level  Hunger
a - Pain                  Necr           ####         1%          1    None
b - Borgnjor's Vile Clut  Necr/Erth      ####......   34%         5    #####..
d - Vampiric Draining     Necr           #####.....   1%          3    ##.....
n - Animate Skeleton      Necr           N/A          1%          1    None
r - Regeneration          Chrm/Necr      ####......   3%          3    ##.....


Dungeon Overview and Level Annotations

Branches:
Dungeon (7/15)             Temple (1/1) D:4

Altars:
Ashenzari
Cheibriados
Dithmenos
Elyvilon
Gozag
Hepliaklqana
Kikubaaqudgha
Nemelex Xobeh
Okawaru
Qazlal
Ru
Sif Muna
Trog
Wu Jian
Xom
Zin
The Shining One


Innate Abilities, Weirdness & Mutations

Your experience applies equally to all skills.
You have very sharp teeth.
Your uncanny sense of smell can sniff out nearby items.
You are partially covered in large bone plates. (SH +4)
You are resistant to hostile enchantments. (MR+)
Your muscles are strong. (Str +2)


Message History

3 orcs come into view.
An orc comes into view. It is wielding a trident.
The orc shouts! x2
An orc comes into view. It is wielding a halberd.
Unknown command.
The orc shouts! x2
You block the orc's attack. The orc misses you.
The orc shouts! x2
You hit the orc. You freeze the orc.
The orc is severely wounded.
You barely miss the orc. The orc barely misses you. You block the orc's attack.
The orc closely misses you. x3
You slash the orc! You freeze the orc.
You kill the orc!
Cheibriados appreciates the change of pace.
You barely miss the orc. You hit the orc. You freeze the orc. You hit the orc.
You freeze the orc.
You kill the orc!
Cheibriados appreciates the change of pace.
The orc hits you with a hand axe. The orc hits you but does no damage.
You block the orc's attack. The orc barely misses you.
You barely miss the orc. You hit the orc. You freeze the orc. You hit the orc.
You freeze the orc.
You kill the orc!
Cheibriados appreciates the change of pace.
The orc misses you. The orc hits you but does no damage.
The orc hits you from afar with a halberd.
The orc hits you from afar with a spear.
The orc closely misses you.
You hit the orc. You freeze the orc.
The orc is heavily wounded.
You barely miss the orc. The orc closely misses you. The orc barely misses you.
The orc hits you from afar with a spear.
The orc barely misses you. The orc completely misses you. The orc misses you.
Casting: Regeneration
Confirm with . or Enter, or press ? or * to list all spells.
Your skin crawls.
The orc hits you from afar with a halberd!
The orc misses you. The orc barely misses you.
The orc hits you but does no damage. The orc closely misses you.
The orc barely misses you. x2; The orc completely misses you.
You slash the orc! You freeze the orc.
You kill the orc!
Cheibriados thoroughly appreciates the change of pace.
You closely miss the orc. The orc barely misses you.
The orc closely misses you. x2; The orc completely misses you.
The orc misses you.
The orc hits you from afar with a halberd.
The orc closely misses you.
The orc hits you from afar with a halberd!
* * * LOW HITPOINT WARNING * * *
The orc closely misses you. x2; The orc misses you.
The orc barely misses you. The orc closely misses you.
The orc hits you from afar with a halberd.
* * * LOW HITPOINT WARNING * * *
The orc completely misses you.
Things that are here:
a hand axe x2; an orc corpse You hit the orc but do no damage.
You barely miss the orc.
You hit the orc but do no damage. x2; The orc barely misses you.
The orc hits you with a spear.
* * * LOW HITPOINT WARNING * * *
The orc misses you. The orc closely misses you.
The orc hits you from afar with a trident.
* * * LOW HITPOINT WARNING * * *
The orc misses you. You block the orc's attack. The orc barely misses you.
The orc hits you with a spear.
* * * LOW HITPOINT WARNING * * *
The orc hits you with a hand axe.
* * * LOW HITPOINT WARNING * * *
You feel better. The orc closely misses you. The orc completely misses you.
The orc misses you. You block the orc's attack. The orc barely misses you. x2
The orc hits you from afar with a halberd.
* * * LOW HITPOINT WARNING * * *
Okay, then.
Okay, then.
Unknown command.
The flow of time bends around you.
Cheibriados rebukes the orc.
The orc seems to slow down.
Cheibriados rebukes the orc.
The orc seems to slow down.
Cheibriados rebukes the orc.
The orc seems to slow down.
Cheibriados rebukes the orc.
The orc seems to slow down.
You feel slightly more hungry. The orc closely misses you.
The orc hits you with a hand axe.
* * * LOW HITPOINT WARNING * * *
The orc closely misses you. The orc hits you with a halberd.
* * * LOW HITPOINT WARNING * * *
You block the orc's attack.
You slash the orc! You freeze the orc.
You kill the orc!
You hit the orc. You freeze the orc. You hit the orc. You freeze the orc.
You hit the orc but do no damage.
The orc hits you from afar with a halberd.
* * * LOW HITPOINT WARNING * * *
The orc closely misses you.
The orc hits you from afar with a trident.
You die...

...
###'###
##.....##
#.......#
#.......#
#...o...#
#.oo)oo.#
#.o)@o..#
#..)....#
#.......#
#.......#
#∩.....∩#
#.......#
##..∩..##
#######


You could see 7 orcs.

Vanquished Creatures
  Sigmund (D:6)
  An ice beast (D:6)
  An orc warrior (D:6)
  2 centaurs
  2 elf zombies (Ossuary)
  A scorpion (D:4)
  A howler monkey (D:4)
  3 orc priests
  An orc wizard (D:5)
  A worker ant (D:4)
  2 big kobold zombies (Ossuary)
  4 mummies (Ossuary)
  3 adders
  3 gnolls (D:6)
  An ooze (D:4)
  A worm (D:2)
  2 leopard geckos
  27 orcs
  2 bats (D:2)
  2 giant cockroaches
  A gnoll zombie (Ossuary)
  4 goblins
  3 hobgoblins (D:3)
  8 jackals
  4 kobolds
  3 quokkas
  A ball python (D:2)
  2 frilled lizards
  2 goblin zombies (Ossuary)
  A jackal zombie (Ossuary)
  A kobold zombie (Ossuary)
  A leopard gecko skeleton (D:4)
  3 orc zombies (Ossuary)
  A rat (D:3)
96 creatures vanquished.

Vanquished Creatures (collateral kills)
  An orc (D:5)
1 creature vanquished.

Vanquished Creatures (others)
  The ghost of 4thArraOfDagon the Slasher, an amateur DEBe of Trog (D:4)
  A quokka (D:4)
2 creatures vanquished.

Grand Total: 99 creatures vanquished

Notes
Turn   | Place    | Note
-------+----------+-------------------------------------------
     0 | D:1      | tidbits the Gnoll Necromancer began the quest for the Orb.
     0 | D:1      | Reached XP level 1. HP: 13/13 MP: 6/6
   133 | D:1      | You fall through a shaft!
   222 | D:2      | Reached XP level 2. HP: 15/20 MP: 3/7
   342 | D:3      | Reached XP level 3. HP: 6/25 MP: 5/9
   355 | D:3      | Reached skill level 5 in Spellcasting
   368 | D:3      | Learned a level 3 spell: Regeneration
   374 | D:3      | Learned a level 3 spell: Vampiric Draining
   376 | D:3      | Learned a level 1 spell: Animate Skeleton
   419 | D:3      | Found a glowing silver altar of Zin.
   508 | D:4      | Killed 4thArraOfDagon's ghost
   510 | D:4      | Reached skill level 1 in Fighting
   510 | D:4      | Reached skill level 1 in Short Blades
   510 | D:4      | Reached skill level 1 in Long Blades
   510 | D:4      | Reached skill level 1 in Axes
   510 | D:4      | Reached skill level 1 in Maces & Flails
   510 | D:4      | Reached skill level 1 in Polearms
   510 | D:4      | Reached skill level 1 in Staves
   510 | D:4      | Reached skill level 1 in Slings
   510 | D:4      | Reached skill level 1 in Bows
   510 | D:4      | Reached skill level 1 in Crossbows
   510 | D:4      | Reached skill level 1 in Throwing
   510 | D:4      | Reached skill level 1 in Armour
   510 | D:4      | Reached skill level 1 in Shields
   510 | D:4      | Reached skill level 1 in Unarmed Combat
   510 | D:4      | Reached skill level 1 in Invocations
   510 | D:4      | Reached skill level 1 in Evocations
   510 | D:4      | Reached XP level 4. HP: 18/32 MP: 1/11
   626 | D:4      | Reached skill level 1 in Conjurations
   626 | D:4      | Reached skill level 1 in Hexes
   626 | D:4      | Reached skill level 1 in Charms
   626 | D:4      | Reached skill level 1 in Summonings
   626 | D:4      | Reached skill level 1 in Translocations
   626 | D:4      | Reached skill level 1 in Transmutations
   626 | D:4      | Reached skill level 1 in Fire Magic
   626 | D:4      | Reached skill level 1 in Ice Magic
   626 | D:4      | Reached skill level 1 in Air Magic
   626 | D:4      | Reached skill level 1 in Earth Magic
   626 | D:4      | Reached skill level 1 in Poison Magic
   626 | D:4      | Reached XP level 5. HP: 23/37 MP: 6/12
   709 | D:5      | Entered Level 5 of the Dungeon
   895 | D:5      | Noticed a centaur
   904 | D:5      | Killed a centaur
   904 | D:5      | Reached skill level 2 in Invocations
   904 | D:5      | Reached XP level 6. HP: 44/44 MP: 13/13
   919 | D:5      | Found a shattered altar of Ashenzari.
   962 | D:5      | Found a sacrificial altar of Ru.
  1040 | D:5      | Found a sand-covered staircase.
  1053 | D:5      | Reached skill level 5 in Dodging
  1069 | D:5      | Reached skill level 2 in Fighting
  1069 | D:5      | Reached skill level 2 in Short Blades
  1069 | D:5      | Reached skill level 2 in Long Blades
  1069 | D:5      | Reached skill level 2 in Axes
  1069 | D:5      | Reached skill level 2 in Maces & Flails
  1069 | D:5      | Reached skill level 2 in Polearms
  1069 | D:5      | Reached skill level 2 in Staves
  1069 | D:5      | Reached skill level 2 in Slings
  1069 | D:5      | Reached skill level 2 in Bows
  1069 | D:5      | Reached skill level 2 in Crossbows
  1069 | D:5      | Reached skill level 2 in Throwing
  1069 | D:5      | Reached skill level 2 in Armour
  1069 | D:5      | Reached skill level 2 in Shields
  1069 | D:5      | Reached skill level 2 in Unarmed Combat
  1069 | D:5      | Reached skill level 2 in Evocations
  1087 | Ossuary  | Entered an ossuary
  1145 | Ossuary  | Reached XP level 7. HP: 28/50 MP: 7/15
  1384 | D:4      | Learned a level 5 spell: Borgnjor's Vile Clutch
  1434 | D:6      | Noticed Sigmund
  1438 | D:6      | Killed Sigmund
  1438 | D:6      | Reached skill level 5 in Stealth
  1438 | D:6      | Reached skill level 2 in Conjurations
  1438 | D:6      | Reached skill level 2 in Hexes
  1438 | D:6      | Reached skill level 2 in Charms
  1438 | D:6      | Reached skill level 2 in Summonings
  1438 | D:6      | Reached skill level 2 in Translocations
  1438 | D:6      | Reached skill level 2 in Transmutations
  1438 | D:6      | Reached skill level 2 in Fire Magic
  1438 | D:6      | Reached skill level 2 in Ice Magic
  1438 | D:6      | Reached skill level 2 in Air Magic
  1438 | D:6      | Reached skill level 2 in Earth Magic
  1438 | D:6      | Reached skill level 2 in Poison Magic
  1486 | D:6      | Reached skill level 3 in Invocations
  1491 | D:6      | Reached XP level 8. HP: 22/57 MP: 0/16
  1728 | D:4      | Found a staircase to the Ecumenical Temple.
  1737 | Temple   | Entered the Ecumenical Temple
  1795 | Temple   | Became a worshipper of Cheibriados the Contemplative
  1901 | D:6      | Gained mutation: You are resistant to hostile enchantments. (MR+) [potion of mutation]
  1901 | D:6      | Gained mutation: You are partially covered in large bone plates. (SH +4) [potion of mutation]
  1901 | D:6      | Gained mutation: Your muscles are strong. (Str +2) [potion of mutation]
  1904 | D:6      | HP: 1/57 [ice beast (13)]
  1906 | D:6      | Reached skill level 3 in Fighting
  1906 | D:6      | Reached skill level 3 in Short Blades
  1906 | D:6      | Reached skill level 3 in Long Blades
  1906 | D:6      | Reached skill level 3 in Axes
  1906 | D:6      | Reached skill level 3 in Maces & Flails
  1906 | D:6      | Reached skill level 3 in Polearms
  1906 | D:6      | Reached skill level 3 in Staves
  1906 | D:6      | Reached skill level 3 in Slings
  1906 | D:6      | Reached skill level 3 in Bows
  1906 | D:6      | Reached skill level 3 in Crossbows
  1906 | D:6      | Reached skill level 3 in Throwing
  1906 | D:6      | Reached skill level 3 in Armour
  1906 | D:6      | Reached skill level 3 in Shields
  1906 | D:6      | Reached skill level 3 in Unarmed Combat
  1906 | D:6      | Reached skill level 3 in Evocations
  1971 | D:7      | Found a flagged portal.
  1979 | Bailey   | Entered a bailey
  2004 | Bailey   | HP: 3/58 [orc/halberd (4)]
  2005 | Bailey   | Slain by an orc

Vault maps used:
D:1:      sevenhm_arrival_forest_fort_small_6
D:2:      grunt_temple_overflow_open, minmay_hexomino_u4
D:3:      zin_statuary, first_ration
D:4:      lemuel_temple_firewalk_a, kennysheep_generic_room_10
D:5:      nicolae_ossuary_entry_monument, basic_altar, grunt_ministairs_14,
          hangedman_ru_absence, uniq_crazy_yiuf_cottage
D:6:      uniq_sigmund
D:7:      enter_bailey_3
Temple:   regret_index_temple_waves
Ossuary:  ossuary_minmay_tomb_2a
Bailey:   bailey_polearm_5, bailey

Skill      XL: |  1  2  3  4  5  6  7  8 |
---------------+-------------------------+-----
Spellcasting   | 5 |  5.9
Fighting       | 1 2 3 |  3.1
Short Blades   | 1 2 3 |  3.1
Long Blades    | 1 2 3 |  3.1
Axes           | 1 2 3 |  3.1
Maces & Flails | 1 2 3 |  3.1
Polearms       | 1 2 3 |  3.1
Staves         | 1 2 3 |  3.1
Slings         | 1 2 3 |  3.1
Bows           | 1 2 3 |  3.1
Crossbows      | 1 2 3 |  3.1
Throwing       | 1 2 3 |  3.1
Armour         | 1 2 3 |  3.1
Shields        | 1 2 3 |  3.1
Unarmed Combat | 1 2 3 |  3.1
Invocations    | 1 2 3 |  3.4
Evocations     | 1 2 3 |  3.1
Conjurations   | 1 2 |  2.5
Hexes          | 1 2 |  2.5
Charms         | 1 2 |  2.5
Summonings     | 1 2 |  2.5
Translocations | 1 2 |  2.5
Transmutations | 1 2 |  2.5
Fire Magic     | 1 2 |  2.5
Ice Magic      | 1 2 |  2.5
Air Magic      | 1 2 |  2.5
Earth Magic    | 1 2 |  2.5
Poison Magic   | 1 2 |  2.5
Dodging        | 5 |  5.6
Stealth        | 5 |  5.2
Necromancy     | |  7.6

Action                   |  1- 3 |  4- 6 |  7- 9 || total
-------------------------+-------+-------+-------++-------
Melee: Dagger            |    36 |    72 |     5 ||   113
       Unarmed           |     1 |       |       ||     1
       Bite              |     3 |    15 |    11 ||    29
       Whip              |       |    40 |    67 ||   107
       Punch             |       |       |     2 ||     2
       Hand axe          |       |       |     7 ||     7
 Cast: Pain              |    20 |     5 |     1 ||    26
       Vampiric Draining |     1 |     5 |     9 ||    15
       Regeneration      |     1 |     8 |     8 ||    17
       Animate Skeleton  |     1 |     2 |     1 ||     4
Invok: Bend Time         |       |       |     1 ||     1
Evoke: Wand              |       |     1 |     4 ||     5
  Use: Potion            |     1 |     1 |     3 ||     5
       Scroll            |       |     4 |     8 ||    12
 Stab: Sleeping          |     3 |     3 |     5 ||    11
  Eat: Chunk             |       |     1 |     3 ||     4
       Ration            |       |       |     1 ||     1
Armor: Robe              |    10 |    14 |    10 ||    34
Dodge: Dodged            |    27 |    79 |    92 ||   198
Block: Other             |       |       |    13 ||    13

Table legend:
 A = Spawn XP
 B = Non-spawn XP
 C = Spawn XP percentage of total XP
 D = Spawn monster count
 E = Non-spawn monster count
 F = Spawn count percentage of total count
 G = Total turns spent on level
                    A         B        C        D         E        F      G
               +---------+---------+-------+---------+---------+-------+---------
         Total |       0 |    1563 |   0.0 |       0 |      97 |   0.0 |  2005
               +---------+---------+-------+---------+---------+-------+---------
           D:1 |       0 |       2 |   0.0 |       0 |       1 |   0.0 |   131
           D:2 |       0 |      27 |   0.0 |       0 |      14 |   0.0 |   170
           D:3 |       0 |      33 |   0.0 |       0 |      11 |   0.0 |   293
           D:4 |       0 |     191 |   0.0 |       0 |      13 |   0.0 |   503
           D:5 |       0 |     279 |   0.0 |       0 |      22 |   0.0 |   365
           D:6 |       0 |     674 |   0.0 |       0 |      13 |   0.0 |   194
           D:7 |       0 |       4 |   0.0 |       0 |       2 |   0.0 |    24
       Ossuary |       0 |     338 |   0.0 |       0 |      16 |   0.0 |   221
        Bailey |       0 |      15 |   0.0 |       0 |       5 |   0.0 |    26
               +---------+---------+-------+---------+---------+-------+---------

Table legend:
 A = Turns spent in this place as a percentage of turns spent in the entire game.
 B = Non-inter-level travel turns spent in this place as a percentage of non-inter-level travel turns spent in the entire game.
 C = Inter-level travel turns spent in this place as a percentage of turns spent in this place.
 D = Turns resting spent in this place as a percentage of non-inter-level travel turns spent in this place.
 E = Turns spent auto-exploring this place as a percentage of non-inter-level travel turns spent in this place.
 F = Non-inter-level travel turns spent in this place divided by the number of levels of this place that you've seen.
                   A       B       C       D       E      F
               +-------+-------+-------+-------+-------+----------------------
         Total | 100.0 | 100.0 |   4.6 |   0.0 |   0.0 | 191.2
       Dungeon |  83.8 |  83.9 |   4.5 |   0.0 |   0.0 | 229.1
        Temple |   3.9 |   3.2 |  21.8 |   0.0 |   0.0 |  61.0
       Ossuary |  11.0 |  11.6 |   0.0 |   0.0 |   0.0 | 221.0
        Bailey |   1.3 |   1.4 |   0.0 |   0.0 |   0.0 |  26.0
               +-------+-------+-------+-------+-------+----------------------

Table legend:
 A = Kills in this place as a percentage of kills in entire the game.
 B = Kills by you in this place as a percentage of kills by you in the entire game.
 C = Kills by friends in this place as a percentage of kills by friends in the entire game.
 D = Other kills in this place as a percentage of other kills in the entire game.
 E = Experience gained in this place as a percentage of experience gained in the entire game.
 F = Experience gained in this place divided by the number of levels of this place that you have seen.
                   A       B       C       D       E      F
               +-------+-------+-------+-------+-------+----------------------
         Total | 100.0 | 100.0 | 100.0 |   N/A | 100.0 | 156.3
       Dungeon |  78.4 |  78.1 | 100.0 |   N/A |  77.4 | 172.9
       Ossuary |  16.5 |  16.7 |   0.0 |   N/A |  21.6 | 338.0
        Bailey |   5.2 |   5.2 |   0.0 |   N/A |   1.0 |  15.0
               +-------+-------+-------+-------+-------+----------------------

Vault maps used:
D:1:      sevenhm_arrival_forest_fort_small_6
D:2:      grunt_temple_overflow_open, minmay_hexomino_u4
D:3:      zin_statuary, first_ration
D:4:      lemuel_temple_firewalk_a, kennysheep_generic_room_10
D:5:      nicolae_ossuary_entry_monument, basic_altar, grunt_ministairs_14,
          hangedman_ru_absence, uniq_crazy_yiuf_cottage
D:6:      uniq_sigmund
D:7:      enter_bailey_3
Temple:   regret_index_temple_waves
Ossuary:  ossuary_minmay_tomb_2a
Bailey:   bailey_polearm_5, bailey
